TOP OF THE 1ST |
Alameda Airmen batting - Pitching for Syracuse Storm : RHP Tomás Rodríguez
|
Pitching: RHP Tomás Rodríguez
|
|
Batting: RHB Albert Devigorerrazuriz
|
0-0: Swinging Strike 0-1: Ball 1-1: Swinging Strike 1-2: Strikes out looking
|
Batting: RHB Jeremy Gaines
|
0-0: Called Strike 0-1: Foul Ball, location: 2F 0-2: Strikes out swinging
|
Batting: LHB Moumen Elsayad
|
0-0: Ball 1-0: Swinging Strike 1-1: Swinging Strike 1-2: Strikes out swinging
|
Top of the 1st over - 0 runs, 0 hits, 0 errors, 0 left on base; Alameda 0 - Syracuse 0 |
BOTTOM OF THE 1ST |
Syracuse Storm batting - Pitching for Alameda Airmen : RHP Thomas Rivers
|
Pitching: RHP Thomas Rivers
|
|
Batting: RHB He-ping Bu
|
0-0: Ball 1-0: Foul Ball, location: 2F 1-1: Ball 2-1: Foul Ball, location: 2F 2-2: Foul Ball, location: 2F 2-2: Fly out, F9 (Flyball, 9D, EV 66.2 MPH)
|
Batting: RHB Ángelo Campos
|
0-0: Called Strike 0-1: Foul Ball, location: 2F 0-2: Reached on error, E6 (Groundball, 56, EV 82.5 MPH)
|
Batting: LHB Hsiao-lou Rui
|
0-0: Ball 1-0: Ball 2-0: Ball 3-0: Base on Balls
|
Batting: RHB Takeichi Hashimoto
|
0-0: Called Strike 0-1: Ball 1-1: Ball Passed Ball! Ángelo Campos to third Hsiao-lou Rui to second 2-1: Ball 3-1: Swinging Strike 3-2: Strikes out looking
|
Batting: RHB Eugene Huggins
|
0-0: Called Strike 0-1: Swinging Strike 0-2: Foul Ball, location: 2F 0-2: Ball 1-2: Foul Ball, location: 2F 1-2: Ground out 5-3 (Groundball, 56, EV 104.4 MPH)
|
Bottom of the 1st over - 0 runs, 0 hits, 1 error, 2 left on base; Alameda 0 - Syracuse 0 |
TOP OF THE 2ND |
Alameda Airmen batting - Pitching for Syracuse Storm : RHP Tomás Rodríguez
|
Batting: RHB Clive Swanton
|
0-0: Ball 1-0: Swinging Strike 1-1: Swinging Strike 1-2: Strikes out swinging
|
Batting: LHB Pineki Walekino
|
0-0: Ball 1-0: Fly out, F6 (Line Drive, 6, EV 68.8 MPH)
|
Batting: LHB Guan-cai Khoo
|
0-0: Called Strike 0-1: Called Strike 0-2: Ball 1-2: Ball 2-2: Strikes out swinging
|
Top of the 2nd over - 0 runs, 0 hits, 0 errors, 0 left on base; Alameda 0 - Syracuse 0 |
BOTTOM OF THE 2ND |
Syracuse Storm batting - Pitching for Alameda Airmen : RHP Thomas Rivers
|
Batting: LHB Trevor Smith
|
0-0: Ball 1-0: Swinging Strike 1-1: Foul Ball, location: 2F 1-2: Ball 2-2: Fly out, F8 (Flyball, 8RS, EV 92.5 MPH)
|
Batting: LHB Víctor Salazar
|
0-0: Foul Ball, location: 2F 0-1: Ball 1-1: Ball 2-1: Called Strike 2-2: Ball 3-2: SINGLE (Flyball, 56D, EV 91.9 MPH)
|
Batting: RHB Daniel Black
|
0-0: Ball 1-0: Called Strike 1-1: Ball 2-1: Called Strike Víctor Salazar steals 2nd base 2-2: Foul Ball, location: 2F 2-2: SINGLE (Line Drive, 3L, EV 95.0 MPH) Víctor Salazar to third
|
Batting: RHB Luis Montero
|
0-0: SINGLE (Line Drive, 34, EV 100.0 MPH) Víctor Salazar scores Daniel Black to second
|
Batting: RHB He-ping Bu
|
0-0: Called Strike 0-1: Ball 1-1: Foul Ball, location: 2F 1-2: Hit by Pitch Daniel Black to third Luis Montero to second
|
Batting: RHB Ángelo Campos
|
0-0: Called Strike 0-1: DOUBLE (Line Drive, 78M, EV 90.0 MPH) Daniel Black scores Luis Montero scores He-ping Bu to third
|
Batting: LHB Hsiao-lou Rui
|
0-0: Called Strike 0-1: Foul Ball, location: 2F 0-2: Foul Ball, location: 2F 0-2: Ball 1-2: Ball 2-2: Ball 3-2: Ground out U3 (Groundball, 3, EV 86.2 MPH)
|
Batting: RHB Takeichi Hashimoto
|
0-0: Called Strike 0-1: Foul Ball, location: 2F 0-2: Strikes out swinging
|
Bottom of the 2nd over - 3 runs, 4 hits, 0 errors, 2 left on base; Alameda 0 - Syracuse 3 |
TOP OF THE 3RD |
Alameda Airmen batting - Pitching for Syracuse Storm : RHP Tomás Rodríguez
|
Batting: RHB François Khalifa
|
0-0: Ball 1-0: DOUBLE (Flyball, 8LXD, EV 95.0 MPH)
|
Batting: RHB Shawn Maldonado
|
0-0: Ball 1-0: Called Strike 1-1: Swinging Strike 1-2: Ball 2-2: Strikes out swinging, 2-3 out at first.
|
Batting: RHB Luis Garza
|
0-0: Ball 1-0: Swinging Strike 1-1: Ball François Khalifa steals 3rd base 2-1: Foul Ball, location: 2F 2-2: Ground out 4-3 (Groundball, 13, EV 86.9 MPH) François Khalifa scores
|
Batting: RHB Albert Devigorerrazuriz
|
0-0: Foul Ball, location: 2F 0-1: Foul Ball, location: 2F 0-2: Ball 1-2: Ball 2-2: Foul Ball, location: 2F 2-2: Fly out, F9 (Flyball, 9S, EV 93.8 MPH)
|
Top of the 3rd over - 1 run, 1 hit, 0 errors, 0 left on base; Alameda 1 - Syracuse 3 |
BOTTOM OF THE 3RD |
Syracuse Storm batting - Pitching for Alameda Airmen : RHP Thomas Rivers
|
Batting: RHB Eugene Huggins
|
0-0: Called Strike 0-1: Ball 1-1: Foul Ball, location: 2F 1-2: Ball 2-2: Foul Ball, location: 2F 2-2: Foul Ball, location: 2F 2-2: SINGLE (Line Drive, 56, EV 108.8 MPH)
|
Batting: LHB Trevor Smith
|
0-0: Called Strike Eugene Huggins is caught stealing 2nd base 2-6 0-1: SINGLE (Groundball, 6D, EV 101.9 MPH)
|
Batting: LHB Víctor Salazar
|
0-0: Foul Ball, location: 2F 0-1: Ball 1-1: Ball 2-1: Foul Ball, location: 2F 2-2: Foul Ball, location: 2F 2-2: Strikes out looking
|
Batting: RHB Daniel Black
|
0-0: Called Strike 0-1: Swinging Strike 0-2: Foul Ball, location: 2F 0-2: Ball 1-2: Strikes out swinging
|
Bottom of the 3rd over - 0 runs, 2 hits, 0 errors, 1 left on base; Alameda 1 - Syracuse 3 |
TOP OF THE 4TH |
Alameda Airmen batting - Pitching for Syracuse Storm : RHP Tomás Rodríguez
|
Batting: RHB Jeremy Gaines
|
0-0: Ball 1-0: Swinging Strike 1-1: Ball 2-1: Swinging Strike 2-2: Foul Ball, location: 2F 2-2: Strikes out swinging
|
Batting: LHB Moumen Elsayad
|
0-0: Foul Ball, location: 2F 0-1: Called Strike 0-2: Ball 1-2: Strikes out swinging, 2-3 out at first.
|
Batting: RHB Clive Swanton
|
0-0: Ball 1-0: Foul Ball, location: 2F 1-1: Ball 2-1: Foul Ball, location: 2F 2-2: Ball 3-2: Ground out 4-3 (Groundball, 34, EV 85.0 MPH)
|
Top of the 4th over - 0 runs, 0 hits, 0 errors, 0 left on base; Alameda 1 - Syracuse 3 |
BOTTOM OF THE 4TH |
Syracuse Storm batting - Pitching for Alameda Airmen : RHP Thomas Rivers
|
Batting: RHB Luis Montero
|
0-0: Called Strike 0-1: Foul Ball, location: 2F 0-2: Strikes out swinging
|
Batting: RHB He-ping Bu
|
0-0: Called Strike 0-1: Ball 1-1: Foul Ball, location: 2F 1-2: Ball 2-2: Foul Ball, location: 2F 2-2: Foul Ball, location: 2F 2-2: Ball 3-2: Base on Balls
|
Batting: RHB Ángelo Campos
|
0-0: Ball 1-0: Foul Ball, location: 2F 1-1: Foul Ball, location: 2F 1-2: Ball 2-2: Foul Ball, location: 2F 2-2: Ball 3-2: SINGLE (Groundball, 5D, EV 95.0 MPH) He-ping Bu to second
|
Batting: LHB Hsiao-lou Rui
|
0-0: Swinging Strike 0-1: Called Strike 0-2: Strikes out swinging
|
Batting: RHB Takeichi Hashimoto
|
0-0: Called Strike 0-1: Foul Ball, location: 2F 0-2: Ground out 1-3 (Groundball, 13, EV 70.6 MPH)
|
Bottom of the 4th over - 0 runs, 1 hit, 0 errors, 2 left on base; Alameda 1 - Syracuse 3 |
TOP OF THE 5TH |
Alameda Airmen batting - Pitching for Syracuse Storm : RHP Tomás Rodríguez
|
Batting: LHB Pineki Walekino
|
0-0: Foul Ball, location: 2F 0-1: Fly out, F3 (Popup, 34, EV 70.6 MPH)
|
Batting: LHB Guan-cai Khoo
|
0-0: Called Strike 0-1: Ball 1-1: Fly out, F5 (Popup, 56S, EV 84.4 MPH)
|
Batting: RHB François Khalifa
|
0-0: Called Strike 0-1: Ball 1-1: SINGLE (Line Drive, 4MD, EV 98.8 MPH)
|
Batting: RHB Shawn Maldonado
|
0-0: Ball 1-0: Foul Ball, location: 2F 1-1: Ball François Khalifa is caught stealing 2nd base 2-4
|
Top of the 5th over - 0 runs, 1 hit, 0 errors, 0 left on base; Alameda 1 - Syracuse 3 |
BOTTOM OF THE 5TH |
Syracuse Storm batting - Pitching for Alameda Airmen : RHP Thomas Rivers
|
Batting: RHB Eugene Huggins
|
0-0: Called Strike 0-1: Ground out 6-3 (Groundball, 6M, EV 105.0 MPH)
|
Pitching: RHP Edward Urry
|
|
Batting: LHB Trevor Smith
|
0-0: Ball 1-0: Foul Ball, location: 2F 1-1: Called Strike 1-2: Strikes out swinging
|
Batting: LHB Víctor Salazar
|
0-0: Ball 1-0: Fly out, F8 (Flyball, 8LD, EV 83.1 MPH)
|
Bottom of the 5th over - 0 runs, 0 hits, 0 errors, 0 left on base; Alameda 1 - Syracuse 3 |
TOP OF THE 6TH |
Alameda Airmen batting - Pitching for Syracuse Storm : RHP Tomás Rodríguez
|
Batting: RHB Shawn Maldonado
|
0-0: Ball 1-0: Ball 2-0: Called Strike 2-1: Swinging Strike 2-2: Fly out, F6 (Popup, P, EV 76.2 MPH)
|
Batting: RHB Luis Garza
|
0-0: Called Strike 0-1: Swinging Strike 0-2: Strikes out swinging, 2-3 out at first.
|
Batting: RHB Albert Devigorerrazuriz
|
0-0: Called Strike 0-1: Called Strike 0-2: Ball 1-2: Strikes out swinging
|
Top of the 6th over - 0 runs, 0 hits, 0 errors, 0 left on base; Alameda 1 - Syracuse 3 |
BOTTOM OF THE 6TH |
Syracuse Storm batting - Pitching for Alameda Airmen : RHP Edward Urry
|
Batting: RHB Daniel Black
|
0-0: Reached on error, E3 (Groundball, 13, EV 91.9 MPH)
|
Batting: RHB Luis Montero
|
0-0: Sac Bunt to 3S - play at first, batter OUT! 3-4 Daniel Black to second
|
Batting: RHB He-ping Bu
|
0-0: Called Strike 0-1: Foul Ball, location: 2F 0-2: Ball 1-2: DOUBLE (Line Drive, 78XD, EV 106.2 MPH) Daniel Black scores
|
Batting: RHB Ángelo Campos
|
0-0: Ball 1-0: Called Strike 1-1: Ball 2-1: Fly out, F8 (Line Drive, 8RM, EV 99.4 MPH)
|
Batting: LHB Hsiao-lou Rui
|
0-0: Called Strike 0-1: Called Strike 0-2: Ball 1-2: Strikes out swinging
|
Bottom of the 6th over - 1 run, 1 hit, 1 error, 1 left on base; Alameda 1 - Syracuse 4 |
TOP OF THE 7TH |
Alameda Airmen batting - Pitching for Syracuse Storm : RHP Tomás Rodríguez
|
Batting: RHB Jeremy Gaines
|
0-0: Ground out 5-3 (Groundball, 56S, EV 69.4 MPH)
|
Batting: LHB Moumen Elsayad
|
0-0: Ball 1-0: Called Strike 1-1: Foul Ball, location: 2F 1-2: Foul Ball, location: 2F 1-2: Ball 2-2: Fly out, F8 (Flyball, 89M, EV 81.2 MPH)
|
Batting: RHB Clive Swanton
|
0-0: Swinging Strike 0-1: Fly out, F8 (Flyball, 89D, EV 101.9 MPH)
|
Top of the 7th over - 0 runs, 0 hits, 0 errors, 0 left on base; Alameda 1 - Syracuse 4 |
BOTTOM OF THE 7TH |
Syracuse Storm batting - Pitching for Alameda Airmen : RHP Edward Urry
|
Batting: RHB Takeichi Hashimoto
|
0-0: Called Strike 0-1: Foul Ball, location: 2F 0-2: Ball 1-2: Strikes out swinging
|
Batting: RHB Eugene Huggins
|
0-0: Called Strike 0-1: Ball 1-1: Ball 2-1: Foul Ball, location: 2F 2-2: Ball 3-2: Strikes out swinging
|
Batting: LHB Trevor Smith
|
0-0: Foul Ball, location: 2F 0-1: Ball 1-1: Foul Ball, location: 2F 1-2: SINGLE (Groundball, 56D, EV 97.5 MPH)
|
Batting: LHB Víctor Salazar
|
0-0: Called Strike 0-1: Called Strike 0-2: Ball 1-2: Strikes out swinging
|
Bottom of the 7th over - 0 runs, 1 hit, 0 errors, 1 left on base; Alameda 1 - Syracuse 4 |
TOP OF THE 8TH |
Alameda Airmen batting - Pitching for Syracuse Storm : RHP Tomás Rodríguez
|
Batting: LHB Pineki Walekino
|
0-0: Called Strike 0-1: Foul Ball, location: 2F 0-2: Foul Ball, location: 2F 0-2: Ball 1-2: Fly out, F7 (Line Drive, 7, EV 110.0 MPH)
|
Batting: LHB Guan-cai Khoo
|
0-0: Foul Ball, location: 2F 0-1: Called Strike 0-2: Strikes out swinging
|
Batting: RHB François Khalifa
|
0-0: DOUBLE (Line Drive, 3D, EV 98.1 MPH)
|
Batting: RHB Shawn Maldonado
|
0-0: Ball 1-0: Foul Ball, location: 2F 1-1: Swinging Strike 1-2: Strikes out swinging, 2-3 out at first.
|
Top of the 8th over - 0 runs, 1 hit, 0 errors, 1 left on base; Alameda 1 - Syracuse 4 |
BOTTOM OF THE 8TH |
Syracuse Storm batting - Pitching for Alameda Airmen : RHP Edward Urry
|
Batting: RHB Daniel Black
|
0-0: Swinging Strike 0-1: Foul Ball, location: 2F 0-2: Strikes out looking
|
Batting: RHB Luis Montero
|
0-0: Fly out, F9 (Flyball, 89M, EV 83.8 MPH)
|
Batting: RHB He-ping Bu
|
0-0: Foul Ball, location: 2F 0-1: Ball 1-1: Swinging Strike 1-2: Ball 2-2: Ground out 4-3 (Groundball, 4, EV 106.9 MPH)
|
Bottom of the 8th over - 0 runs, 0 hits, 0 errors, 0 left on base; Alameda 1 - Syracuse 4 |
TOP OF THE 9TH |
Alameda Airmen batting - Pitching for Syracuse Storm : RHP Tomás Rodríguez
|
Pitching: LHP John Ellis
|
|
Batting: RHB Luis Garza
|
0-0: Called Strike 0-1: Foul Ball, location: 2F 0-2: Strikes out swinging
|
Batting: RHB Albert Devigorerrazuriz
|
0-0: Foul Ball, location: 2F 0-1: Called Strike 0-2: Ball 1-2: Strikes out swinging
|
Batting: RHB Jeremy Gaines
|
0-0: Called Strike 0-1: Called Strike 0-2: Ball 1-2: Foul Ball, location: 2F 1-2: Fly out, F8 (Line Drive, 8RD, EV 100.6 MPH)
|
Top of the 9th over - 0 runs, 0 hits, 0 errors, 0 left on base; Alameda 1 - Syracuse 4 |
|